 Dungeon Crawl Stone Soup version 0.31-a0-175-g9f7f995f2b (webtiles) character file.

Game seed: 11594042074127518514

269 qw the Shooter (level 6, 0/56 HPs)
             Began as a Naga Hunter on June 16, 2023.
             Splashed by a jelly's acid (9 damage)
             ... on level 3 of the Dungeon.
             The game lasted 00:01:02 (2757 turns).

qw the Shooter (Naga Hunter)                        Turns: 2757, Time: 00:01:03

Health: 0/56       AC: -4    Str: 13    XL:     6   Next: 22%
Magic:  6/6        EV:  9    Int:  9    God:
Gold:   163        SH:  0    Dex: 17    Spells: 5/5 levels left

rFire   . . .        Y - +1 shortbow
rCold   . . .        (shield currently unavailable)
rNeg    . . .        c - +0 leather armour
rPois   +            (no helmet)
rElec   .            (no cloak)
rCorr   .            (no gloves)
SInv    +            (no barding)
Will    .....        (no amulet)
Stlth   ++           (no ring)
HPRegen 0.29/turn    (no ring)
MPRegen 0.10/turn

%: no passive effects
@: corroded, very slow
A: AC +2, large, see invisible, deformed body, poison resistance, slowness 2,
spit poison 1, naga tail 1
a: Spit Poison


You were on level 3 of the Dungeon.
You visited 1 branch of the dungeon, and saw 3 of its levels.

You collected 185 gold pieces.
You spent 22 gold pieces at shops.


Innate Abilities, Weirdness & Mutations

Your serpentine skin is tough. (AC +2)
You have supernaturally acute eyesight. (SInv)
Armour fits poorly on your strangely shaped body.
Your system is resistant to poisons. (rPois)
You cover ground very slowly.
You can spit poison.
You have a snake-like lower body.


   Skills:
 + Level 3.5 Fighting
 - Level 6.0 Ranged Weapons
 - Level 1.5 Dodging
 - Level 1.5 Stealth


You had 5 spell levels left.
You didn't know any spells.
Your spell library was empty.

Inventory:

Hand Weapons
 Y - a +1 shortbow (weapon)
Armour
 c - a +0 leather armour (worn)
Scrolls
 a - a scroll of identify
 b - a scroll of fear {unknown}
Potions
 d - a potion of berserk rage {unknown}
 e - a potion of curing {unknown}
 f - a potion of mutation {unknown}
 g - a potion of might {unknown}

Dungeon Overview and Level Annotations

Branches:
Dungeon (3/15)

Altars:
Uskayaw

Shops:
D:2 *


Message History

The jelly closely misses you.
You shoot an arrow. The arrow hits the jelly.
The jelly is moderately wounded.
The jelly hits you.
You are splashed with acid!
Something hits the toadstool.
The toadstool is destroyed!
You shoot an arrow. The arrow hits the jelly.
The jelly is heavily wounded.
The jelly hits you. The acid corrodes you!
You are splashed with acid!
The jelly hits you. The acid corrodes you!
You are splashed with acid!
You shoot an arrow. The arrow barely misses the jelly.
The jelly barely misses you.
You shoot an arrow. The arrow barely misses the jelly.
The jelly misses you.
You shoot an arrow.
The arrow hits the jelly but does no damage.
The jelly is heavily wounded.
The jelly misses you.
You shoot an arrow. The arrow hits the jelly.
The jelly is heavily wounded.
The jelly hits you.
You are splashed with acid!
You shoot an arrow. The arrow hits the jelly!
You kill the jelly!
You shoot an arrow.
The arrow hits the endoplasm but does no damage.
The endoplasm freezes you.
You are frozen.
You shoot an arrow. The arrow hits the endoplasm.
The endoplasm is severely wounded.
The endoplasm freezes you.
You are frozen.
You shoot an arrow. The arrow hits the endoplasm.
The endoplasm is almost dead.
The endoplasm hits you.
You shoot an arrow. The arrow hits the jelly.
The jelly is moderately wounded.
The jelly completely misses you.
You shoot an arrow. The arrow hits the jelly.
The jelly is heavily wounded.
The jelly hits you.
You are splashed with acid!
You die...

#...##.#.##..##
#.######.#.##
########.##...#
#........#.## #.###..#
#########...# #.# #..#
##.#.#. ### #### ##.##.##
####### #.......
#......############.##.##
#.P.P.JJ##......####.#.#.
#.%....#@#.......##.....#
#P.%.PJ#)#........).##.##
#...J%J#.#........)).....
#...PP.#.#'#.....)'.#####
#..%...#.#.#.....##.#
#PP.PPP#.#.#....#####
##### #$.....##.#######
..%.#### ### ### ###.#.%#
#### #.#


You could see a jelly and an endoplasm.

Vanquished Creatures
  2 jellies (D:3)
  An orc priest (D:3)
  Terence (D:3)
  4 gnolls (D:2)
  An adder (D:1)
  A worm (D:2)
  3 dart slugs
  2 orcs (D:3)
  3 ball pythons
  8 endoplasms
  3 giant cockroaches
  9 goblins
  6 hobgoblins
  3 jackals (D:2)
  13 kobolds
  6 quokkas
  9 bats
  6 frilled lizards
  9 rats
90 creatures vanquished.

Notes
Turn   | Place    | Note
-------+----------+-------------------------------------------
     0 | D:1      | qw the Naga Hunter began the quest for the Orb.
     0 | D:1      | Reached XP level 1. HP: 19/19 MP: 1/1
     0 | D:1      | 0 ||| qw: Version: 0.2-a-29-g511e9b1
     0 | D:1      | 0 ||| qw: Game counter: 5822
     0 | D:1      | 0 ||| qw: Always use a shield: true
     0 | D:1      | 0 ||| qw: God list: Okawaru
     0 | D:1      | 0 ||| qw: Allow faded altars: false
     0 | D:1      | 0 ||| qw: Do Orc after D:15 true
     0 | D:1      | 0 ||| qw: Do second Lair branch before Depths: true
     0 | D:1      | 0 ||| qw: Lair rune preference: random
     0 | D:1      | 0 ||| qw: Plans: Normal
     0 | D:1      | 0 ||| PLANNING D:1-11
     4 | D:1      | 4 ||| INVOKING Spit Poison.
    16 | D:1      | 16 ||| INVOKING Spit Poison.
    87 | D:1      | 87 ||| INVOKING Spit Poison.
   128 | D:1      | 128 ||| INVOKING Spit Poison.
   133 | D:1      | 133 ||| INVOKING Spit Poison.
   136 | D:1      | 136 ||| INVOKING Spit Poison.
   164 | D:1      | Reached skill level 4 in Ranged Weapons
   164 | D:1      | Reached XP level 2. HP: 26/26 MP: 2/2
   175 | D:1      | 175 ||| INVOKING Spit Poison.
   202 | D:1      | 202 ||| INVOKING Spit Poison.
   206 | D:1      | 206 ||| INVOKING Spit Poison.
   211 | D:1      | 211 ||| INVOKING Spit Poison.
   214 | D:1      | 214 ||| INVOKING Spit Poison.
   290 | D:1      | 290 ||| INVOKING Spit Poison.
   294 | D:1      | 294 ||| INVOKING Spit Poison.
   336 | D:1      | 336 ||| INVOKING Spit Poison.
   343 | D:1      | 343 ||| INVOKING Spit Poison.
   348 | D:1      | 348 ||| INVOKING Spit Poison.
   384 | D:1      | 384 ||| INVOKING Spit Poison.
   387 | D:1      | 387 ||| INVOKING Spit Poison.
   390 | D:1      | 390 ||| INVOKING Spit Poison.
   418 | D:1      | 418 ||| INVOKING Spit Poison.
   424 | D:1      | Reached XP level 3. HP: 32/32 MP: 3/3
   501 | D:1      | 501 ||| INVOKING Spit Poison.
   506 | D:1      | 506 ||| INVOKING Spit Poison.
   590 | D:1      | 590 ||| INVOKING Spit Poison.
   603 | D:1      | 603 ||| INVOKING Spit Poison.
   616 | D:1      | 616 ||| INVOKING Spit Poison.
   729 | D:1      | 729 ||| READING scroll labelled HATAIC BIPNA.
   730 | D:1      | 730 ||| READING scroll labelled MAYPOU VECU.
   733 | D:1      | 733 ||| READING scroll labelled MUVE DEEPTIUFF.
   734 | D:1      | 734 ||| DRINKING 2 black potions.
   780 | D:1      | 780 ||| DROPPING scroll of butterflies.
   781 | D:1      | 781 ||| DROPPING potion of lignification.
   814 | D:2      | 814 ||| INVOKING Spit Poison.
   819 | D:2      | 819 ||| INVOKING Spit Poison.
   820 | D:2      | 820 ||| STAIRDANCE
   825 | D:1      | 825 ||| INVOKING Spit Poison.
   859 | D:2      | 859 ||| STAIRDANCE
   861 | D:1      | 861 ||| INVOKING Spit Poison.
   864 | D:1      | 864 ||| INVOKING Spit Poison.
   929 | D:2      | 929 ||| INVOKING Spit Poison.
   935 | D:2      | Found Wiwnuzimi's General Store.
   942 | D:2      | 942 ||| INVOKING Spit Poison.
   946 | D:2      | 946 ||| SHOPLISTING +0 robe of Morality {Will+ Stlth+} (177
                  | gold, have 51).
   946 | D:2      | 946 ||| BUYING scroll of identify (22 gold).
   946 | D:2      | Bought a scroll of identify for 22 gold pieces
  1134 | D:2      | 1134 ||| INVOKING Spit Poison.
  1140 | D:2      | 1140 ||| INVOKING Spit Poison.
  1144 | D:2      | Reached skill level 5 in Ranged Weapons
  1174 | D:2      | 1174 ||| INVOKING Spit Poison.
  1178 | D:2      | 1178 ||| INVOKING Spit Poison.
  1181 | D:2      | Reached XP level 4. HP: 39/39 MP: 4/4
  1193 | D:2      | 1193 ||| INVOKING Spit Poison.
  1197 | D:2      | 1197 ||| INVOKING Spit Poison.
  1203 | D:2      | 1203 ||| INVOKING Spit Poison.
  1208 | D:2      | 1208 ||| INVOKING Spit Poison.
  1211 | D:2      | 1211 ||| INVOKING Spit Poison.
  1751 | D:2      | 1751 ||| INVOKING Spit Poison.
  1754 | D:2      | 1754 ||| INVOKING Spit Poison.
  1756 | D:2      | 1756 ||| Stepping ~*~*~tactically~*~*~ (outnumbered).
  1758 | D:2      | 1758 ||| INVOKING Spit Poison.
  1761 | D:2      | 1761 ||| INVOKING Spit Poison.
  1762 | D:2      | Reached skill level 3 in Fighting
  1864 | D:2      | 1864 ||| INVOKING Spit Poison.
  1866 | D:2      | Reached XP level 5. HP: 49/49 MP: 5/5
  1872 | D:2      | 1872 ||| INVOKING Spit Poison.
  1876 | D:2      | 1876 ||| INVOKING Spit Poison.
  1901 | D:2      | 1901 ||| INVOKING Spit Poison.
  1927 | D:2      | 1927 ||| READING scroll labelled ZEZAVV IK KOU.
  1928 | D:2      | 1928 ||| READING scroll labelled COSTRE ROIPNO.
  1929 | D:2      | 1929 ||| READING scroll labelled LUCKUA OGUJOAWN.
  1930 | D:2      | 1930 ||| DRINKING 2 clear potions.
  1938 | D:2      | 1938 ||| DROPPING potion of ambrosia.
  1946 | D:3      | Found a hide-covered altar of Uskayaw.
  1953 | D:3      | 1953 ||| INVOKING Spit Poison.
  2068 | D:3      | 2068 ||| INVOKING Spit Poison.
  2095 | D:3      | 2095 ||| INVOKING Spit Poison.
  2098 | D:3      | 2098 ||| INVOKING Spit Poison.
  2105 | D:3      | 2105 ||| INVOKING Spit Poison.
  2110 | D:3      | 2110 ||| INVOKING Spit Poison.
  2113 | D:3      | 2113 ||| INVOKING Spit Poison.
  2147 | D:3      | 2147 ||| INVOKING Spit Poison.
  2323 | D:3      | Noticed Terence
  2325 | D:3      | 2325 ||| INVOKING Spit Poison.
  2330 | D:3      | 2330 ||| INVOKING Spit Poison.
  2332 | D:3      | Killed Terence
  2444 | D:3      | 2444 ||| INVOKING Spit Poison.
  2548 | D:3      | 2548 ||| INVOKING Spit Poison.
  2665 | D:3      | 2665 ||| INVOKING Spit Poison.
  2668 | D:3      | 2668 ||| INVOKING Spit Poison.
  2675 | D:3      | 2675 ||| INVOKING Spit Poison.
  2722 | D:3      | 2722 ||| INVOKING Spit Poison.
  2727 | D:3      | Reached skill level 6 in Ranged Weapons
  2727 | D:3      | Reached XP level 6. HP: 56/56 MP: 6/6
  2743 | D:3      | 2743 ||| Stepping ~*~*~tactically~*~*~ (outnumbered).
  2754 | D:3      | HP: 14/56 [frozen (2)]
  2757 | D:3      | Splashed by a jelly's acid

Levels and vault maps discovered:
D:1:      dreamdust_arrival_sigmund_warning, layout_loops_ring
D:2:      layout_basic, serial_shops, nicolae_diamond_shop
D:3:      cheibrodos_fertilizer, layout_loops_ring, overflow_temple_1_default,
          uniq_terence

Skill      XL: |  1  2  3  4  5 |
---------------+----------------+-----
Ranged Weapons | 4 5 6 |  6.0
Fighting       | 3 |  3.5
Dodging        | |  1.5
Stealth        | |  1.5

Action                     |  1- 3 |  4- 6 || total
---------------------------+-------+-------++-------
   Fire: Shortbow          |    81 |   100 ||   181
Ability: Spit Poison       |    36 |    29 ||    65
    Use: Scroll            |     3 |     3 ||     6
         Potion            |     1 |     1 ||     2
 Armour: Leather armour    |    12 |    13 ||    25
  Dodge: Dodged            |    23 |    23 ||    46

Table legend:
 A = Non-vault XP
 B = Vault XP
 C = Vault XP percentage of total XP
 D = Non-vault monster count
 E = Vault monster count
 F = Vault count percentage of total count
                 A         B        C        D         E       F
            +---------+---------+-------+---------+---------+-------
      Total |     239 |     146 |  37.9 |      75 |      15 |  16.7
            +---------+---------+-------+---------+---------+-------
        D:1 |      66 |       0 |   0.0 |      32 |       0 |   0.0
        D:2 |     102 |       0 |   0.0 |      28 |       0 |   0.0
        D:3 |      71 |     146 |  67.3 |      15 |      15 |  50.0
            +---------+---------+-------+---------+---------+-------
